 Dungeon Crawl Stone Soup version 0.30-b1-2-g02819fbbbe (webtiles) character file.

Game seed: 13479112073122433986

2314 C1p86 the Protected (level 9, -3/78 HPs)
             Began as a Minotaur Fighter on Dec 12, 2023.
             Slain by a troll (10 damage)
             ... on level 8 of the Dungeon on Dec 13, 2023.
             The game lasted 00:33:39 (5580 turns).

C1p86 the Protected (Minotaur Fighter)              Turns: 5580, Time: 00:33:39

Health: -3/78      AC: 14    Str: 26    XL:     9   Next: 18%
Magic:  8/8        EV: 12    Int:  5    God:
Gold:   340        SH:  5    Dex:  9    Spells: 8/8 levels left

rFire   . . .        y - +1 mace (heavy)
rCold   . . .        c - +0 buckler
rNeg    . . .        m - +0 plate armour
rPois   .            (helmet restricted)
rElec   .            (no cloak)
rCorr   .            (no gloves)
SInv    +            (no boots)
Will    .....        K - amulet of regeneration Stlth
                     h - ring of see invisible
HPRegen 1.13/turn    v - +5 ring of evasion
MPRegen 0.11/turn

%: no passive effects
@: no status effects
A: horns 2, retaliatory headbutt
a: no special abilities


You were on level 8 of the Dungeon.
You visited 2 branches of the dungeon, and saw 9 of its levels.

You collected 340 gold pieces.

Inventory:

Hand Weapons
 a - a +0 long sword
 b - a +0 hand axe of venom
 p - a +0 trident
 y - a +1 heavy mace (weapon)
 C - a +0 dagger of speed
 M - a +3 dagger
 P - a +0 shortbow
 R - a +0 arbalest
 W - a +2 short sword of speed
Missiles
 g - 45 stones (quivered)
 L - a curare-tipped dart
 T - 4 javelins
 X - 4 poisoned darts
Armour
 c - a +0 buckler (worn)
 m - a +0 plate armour (worn)
 w - the +0 toga "Victory" {*Victory Clar}
   (You found it on level 5 of the Dungeon)

   *Victory:  When the wearer kills a threatening monster, it has a chance to
   gain +1 AC, +1 Slay, and +1 Int, capping at +7.
   When the wearer uses a scroll or a potion with a hostile monster in sight,
   its bonuses reset to +0.
   Unequipping it also resets its bonuses to +0.
   Clar:      It protects you from confusion, rage, mesmerisation and fear.
 Q - a +0 helmet
Magical Staves
 z - a staff of poison
Jewellery
 h - a ring of see invisible (left hand)
 l - a +6 ring of intelligence
 v - a +5 ring of evasion (right hand)
 I - an amulet of faith
 K - an amulet of regeneration (around neck)
 S - a ring of protection from fire
 Z - a ring of magical power
Wands
 i - a wand of digging (2)
 q - a wand of acid (11)
Scrolls
 e - 7 scrolls of identify {unknown}
 f - a scroll of noise {unknown}
 k - 2 scrolls of fear {unknown}
 n - 4 scrolls of blinking {unknown}
 o - 2 scrolls of teleportation {unknown}
 t - a scroll of brand weapon {unknown}
 E - a scroll of poison {unknown}
 F - a scroll of fog {unknown}
 G - a scroll of enchant armour {unknown}
 N - 4 scrolls of vulnerability {unknown}
 Y - a scroll of summoning {unknown}
Potions
 d - 2 potions of might
 j - 2 potions of degeneration {unknown}
 r - a potion of magic {unknown}
 s - 5 potions of flight {unknown}
 u - 2 potions of resistance {unknown}
 x - 3 potions of heal wounds {unknown}
 A - 3 potions of curing {unknown}
 B - a potion of attraction {unknown}
 D - 3 potions of mutation {unknown}
 H - 3 potions of berserk rage {unknown}
 J - 2 potions of lignification {unknown}
 O - a potion of brilliance {unknown}
 U - a potion of ambrosia {unknown}
 V - 2 potions of haste


   Skills:
 + Level 6.5 Fighting
 + Level 6.6 Long Blades
 + Level 6.3 Maces & Flails
 + Level 9.0 Armour
 + Level 0.9 Dodging
 + Level 0.2 Stealth
 + Level 7.1 Shields


You had 8 spell levels left.
You didn't know any spells.
Your spell library contained the following spells:

 Spells                   Type           Power      Damage    Failure   Level
 Ignite Poison            Fire/Tmut/Pois 0%         N/A       100%        3
 Portal Projectile        Hex/Tloc       0%         N/A       100%        3
 Summon Guardian Golem    Hex/Summ       0%         N/A       100%        3
 Tukima's Dance           Hex            0%         N/A       100%        3
 Sticky Flame             Conj/Fire      0%         2d3       100%        4
 Blade Hands              Tmut           0%         N/A       100%        5
 Orb of Destruction       Conj           0%         9d5       100%        7
 Spellforged Servitor     Conj/Summ      0%         N/A       100%        7
 Ignition                 Fire           0%         3d3       100%        8


Dungeon Overview and Level Annotations

Branches:
Dungeon (8/15)             Temple (1/1) D:5
   Lair: D:8-11

Altars:
Ashenzari
Cheibriados
Dithmenos
Fedhas
Hepliaklqana
Kikubaaqudgha
Makhleb
Nemelex Xobeh
Okawaru
Qazlal
Ru
Sif Muna
Trog
Uskayaw
Vehumet
Wu Jian
Xom
Yredelemnul
Zin

Shops:
D:2 =   D:5 (

Annotations:
D:8 Pikel


Innate Abilities, Weirdness & Mutations

You have a pair of horns on your head.
You reflexively headbutt those who attack you in melee.


Message History

The troll bites you! The troll misses you. The troll claws you!
The lemure completely misses you. You block the lemure's attack.
Pikel barely misses you. The lemure hits you but does no damage.
The lemure hits you. The troll barely misses you. You furiously retaliate!
You headbutt the troll! The troll claws you! x2
Pikel hits you but does no damage. The lemure attacks as you move away!
The lemure hits you but does no damage. The lemure attacks as you move away!
The lemure barely misses you. The troll bites you.
The troll closely misses you. The troll claws you but does no damage.
Pikel hits you with a +0 whip of flaming!
Pikel burns you. The lemure attacks as you move away!
The lemure barely misses you. You furiously retaliate!
You headbutt the lemure. The troll bites you but does no damage.
The troll closely misses you. The troll claws you!
* * * LOW HITPOINT WARNING * * *
Pikel waves his whip at you. The lemure hits you.
* * * LOW HITPOINT WARNING * * *
The lemure attacks as you move away! You block the lemure's attack.
The lemure attacks as you move away! The lemure hits you but does no damage.
The lemure attacks as you move away! The lemure hits you.
* * * LOW HITPOINT WARNING * * *
The troll attacks as you move away! The troll barely misses you.
You block the troll's attack. The troll claws you!
* * * LOW HITPOINT WARNING * * *
The troll attacks as you move away! The troll bites you but does no damage.
The troll claws you!
* * * LOW HITPOINT WARNING * * *
The troll claws you!
* * * LOW HITPOINT WARNING * * *
The troll attacks as you move away! The troll bites you.
* * * LOW HITPOINT WARNING * * *
The troll barely misses you. The troll claws you but does no damage.
You sock the troll!
The troll is moderately wounded.
The troll bites you but does no damage. The troll misses you.
The troll closely misses you. The troll barely misses you. The troll claws you!
You die...

##..###...#####).##....# #. #....
#...#...# #..# # #.##....
#......# ##..# .## #..##...
#.....### ###...## ..####......
##.......###......# #............
.#................##..##.........
.....).......####....# ###.......
...##.>.....# ##...## #....##.
..###........###@5.## #...####
..# ##....###....T5.# ###...###.
#.# ...## ##......####K.##.....
#.# #.## ##....K##...####)... #.#
.# ##.......### #...# ..# ..
##.....## #...# ..#####
####.##### ##... ........
####.....# ##... #.####..
#........# #....


You could see Pikel, a troll and 2 lemures.

Vanquished Creatures
  A wyvern (D:8)
  Duvessa (D:4)
  A black bear (D:6)
  3 orc warriors
  A sky beast (D:7)
  5 centaurs (D:8)
  A phantom (D:5)
  A kobold brigand (D:7)
  2 lemures (D:8)
  A bullfrog (D:7)
  4 scorpions
  Dowan (D:5)
  2 hounds
  3 jellies
  A gnoll bouda (D:5)
  2 orc priests (D:6)
  2 orc wizards (D:6)
  4 iguanas
  7 gnolls (D:5)
  7 adders
  A shadow imp (D:6)
  2 white imps
  An ufetubus (D:4)
  A worm (D:2)
  A dart slug (D:3)
  25 orcs
  6 bats
  6 endoplasms
  3 giant cockroaches
  5 goblins
  13 hobgoblins
  7 jackals
  7 quokkas
  7 ball pythons
  2 frilled lizards
  13 kobolds
  7 rats
157 creatures vanquished.

Notes
Turn   | Place    | Note
-------+----------+-------------------------------------------
     0 | D:1      | C1p86 the Minotaur Fighter began the quest for the Orb.
     0 | D:1      | Reached XP level 1. HP: 19/19 MP: 0/0
   352 | D:1      | Reached XP level 2. HP: 26/27 MP: 1/1
   442 | D:1      | Reached skill level 4 in Armour
   808 | D:2      | Identified the +0 robe of the Ladybird {Str-5 Dex+6}
   916 | D:2      | Reached XP level 3. HP: 33/33 MP: 2/2
  1000 | D:2      | Found Ugrec's Jewellery Emporium.
  1502 | D:3      | Reached XP level 4. HP: 40/40 MP: 3/3
  1725 | D:3      | Noticed a scorpion
  1734 | D:3      | Killed a scorpion
  1735 | D:3      | Reached skill level 5 in Armour
  1735 | D:3      | Reached XP level 5. HP: 42/47 MP: 4/4
  2260 | D:4      | Reached skill level 6 in Armour
  2260 | D:4      | Reached XP level 6. HP: 50/53 MP: 5/5
  3151 | D:5      | Entered Level 5 of the Dungeon
  3152 | D:5      | Noticed Dowan
  3152 | D:5      | Noticed Duvessa
  3175 | D:5      | HP: 1/53 [Duvessa/+0 short sword (8)]
  3182 | D:4      | Killed Duvessa
  3197 | D:5      | Killed Dowan
  3198 | D:5      | Reached skill level 5 in Fighting
  3198 | D:5      | Reached skill level 5 in Shields
  3323 | D:5      | Reached skill level 5 in Long Blades
  3323 | D:5      | Reached XP level 7. HP: 60/61 MP: 6/6
  3356 | D:5      | Found the +0 toga "Victory" {*Victory Clar}
  3368 | D:5      | Reached skill level 7 in Armour
  3659 | D:5      | Found a staircase to the Ecumenical Temple.
  3665 | Temple   | Entered the Ecumenical Temple
  3841 | D:5      | Found Dyplyf's Weapon Shop.
  4097 | D:6      | Reached skill level 1 in Maces & Flails
  4097 | D:6      | Reached XP level 8. HP: 70/70 MP: 7/7
  4459 | D:6      | Reached skill level 8 in Armour
  5180 | D:8      | Reached skill level 5 in Maces & Flails
  5398 | D:8      | Reached XP level 9. HP: 74/77 MP: 8/8
  5455 | D:8      | Found an ornate altar of the Wu Jian Council.
  5523 | D:8      | Reached skill level 9 in Armour
  5546 | D:8      | Noticed Pikel
  5547 | D:8      | Noticed a troll
  5580 | D:8      | Slain by a troll

Illustrated notes

Levels and vault maps discovered:
D:1:      scummos_arrival_star, layout_basic
D:2:      layout_rooms, serial_shops, shop, minmay_pentomino_v4
D:3:      layout_rooms, grunt_decor_resistance, minivault_26, minmay_circle_x
D:4:      layout_loops_corners, hangedman_decor_riveting
D:5:      layout_loops_ring, minmay_temple_entry_enclosed_plants, serial_shops,
          kennysheep_mini, minmay_tree_intersection, uniq_duvessa
D:6:      layout_rooms, grunt_decor_fettered, dk_noncrumbling_3
D:7:      layout_basic
D:8:      layout_layer_cave, nicolae_overflow_crystal_walls,
          dk_rats_in_the_wall, uniq_pikel
Temple:   nicolae_temple_two_arcs

Skill      XL: |  1  2  3  4  5  6  7  8  9 |
---------------+----------------------------+-----
Shields        | 4 5 6 7 |  7.1
Armour         | 4 5 6 7 8 9 |  9.0
Fighting       | 4 5 6 |  6.5
Long Blades    | 3 4 5 6 |  6.6
Maces & Flails | 1 5 6 |  6.3
Dodging        | |  0.9
Stealth        | |  0.2

Action                     |  1- 3 |  4- 6 |  7- 9 || total
---------------------------+-------+-------+-------++-------
  Melee: Long sword        |   118 |   134 |    34 ||   286
         Headbutt          |    20 |    23 |    32 ||    75
         Mace              |       |       |   120 ||   120
 Armour: Scale mail        |    29 |       |       ||    29
         Plate armour      |    86 |   111 |   138 ||   335
  Dodge: Dodged            |    64 |    50 |   205 ||   319
  Block: Buckler           |    39 |    39 |    68 ||   146
